 Dungeon Crawl Stone Soup version 0.30-a0-626-gd6a5dd7a1f (webtiles) character file.

Game seed: 6769995409839567758

61 drugrobin the Sneak (level 3, -2/30 HPs)
             Began as a Demigod Delver on Jan 11, 2023.
             Slain by an adder (4 damage)
             ... on level 2 of the Dungeon.
             The game lasted 00:05:27 (768 turns).

drugrobin the Sneak (Demigod Delver)                 Turns: 768, Time: 00:05:27

Health: -2/30      AC:  3    Str: 13    XL:     3   Next: 58%
Magic:  5/5        EV: 12    Int: 12    God:
Gold:   36         SH:  0    Dex: 19    Spells: 2/2 levels left

rFire   . . .      SeeInvis .    b - +1 dagger (venom)
rCold   . . .      Faith    .    (no shield)
rNeg    . . .      Spirit   .    a - +0 leather armour
rPois   .          Reflect  .    (no helmet)
rElec   .          Harm     .    (no cloak)
rCorr   .          Rampage  .    (no gloves)
Will    .....                    (no boots)
Stlth   +++                      (no amulet)
HPRegen 0.25/turn                (no ring)
MPRegen 0.09/turn                (no ring)

@: lethally poisoned (-2 -> -8), attractive
A: high MP 1, forlorn, divine attributes
a: no special abilities


You were on level 2 of the Dungeon.
You visited 1 branch of the dungeon, and saw 4 of its levels.

You collected 36 gold pieces.

Inventory:

Hand Weapons
 b - a +1 dagger of venom (weapon)
 c - a +0 mace of protection
Missiles
 j - 9 poisoned darts (quivered)
Armour
 a - a +0 leather armour (worn)
Wands
 f - a wand of digging (3)
Scrolls
 d - a scroll of brand weapon {unknown}
 e - a scroll of enchant weapon {unknown}
 h - a scroll of fog
 i - 3 scrolls of identify {unknown}
Potions
 g - a potion of attraction
 k - a potion of haste


   Skills:
 - Level 2.6 Fighting
 - Level 1.7 Dodging
 - Level 4.5 Stealth
 + Level 3.8 Unarmed Combat


You had 2 spell levels left.
You didn't know any spells.
Your spell library contained the following spells:

 Spells                   Type           Power      Damage    Failure   Level
 Ensorcelled Hibernation  Hex/Ice        0%         N/A       54%         2
 Spider Form              Tmut/Pois      0%         N/A       77%         3
 Anguish                  Hex/Necr       0%         N/A       99%         4


Dungeon Overview and Level Annotations

Branches:
Dungeon (5/15)
 Temple: D:4-7


Innate Abilities, Weirdness & Mutations

You have an increased reservoir of magic. (+10% MP)
You shall have no god before yourself.
Your divine heritage dramatically boosts your attributes as you level up.


Message History

The adder is heavily wounded.
The adder bites you but does no damage.
You hit the adder.
The adder looks even sicker.
The adder is almost dead.
The adder misses you.
An adder comes into view.
The adder hisses angrily.
You hit the adder.
You kill the adder!
You hear a shout!
The bat misses you. The bat hits you. The bat attacks as you move away!
The bat hits you. The bat barely misses you. The bat closely misses you.
You hit the bat.
You kill the bat!
The adder attacks as you move away! The adder bites you.
You barely miss the adder. The adder barely misses you.
You barely miss the adder. The adder bites you. The adder closely misses you.
You barely miss the adder. The adder bites you but does no damage.
You hit the adder but do no damage.
The adder is poisoned.
Your punch misses the adder. The adder bites you.
You are poisoned.
The adder poisons you!
You miss the adder.
The adder is moderately wounded.
You feel sick. The adder completely misses you. The adder bites you.
* * * LOW HITPOINT WARNING * * *
You are lethally poisoned!
The adder poisons you!
You hit the adder but do no damage.
The adder looks as sick as possible!
The adder is moderately wounded.
* * * LOW HITPOINT WARNING * * *
You feel very sick. The adder closely misses you.
It was a potion of attraction.
You feel attractive to monsters.
* * * LOW HITPOINT WARNING * * *
You feel sick. The adder bites you.
You die...

#.# #.# #.#
#.# #.# #.#
#.# #.# #@#
## #S#
##...##†###
..........##
.#..#####..#
.. #.#..#
#b#.#.# #S#
##.# #$. .#


You could see an adder (extremely poisoned).

Vanquished Creatures
  A hound (D:2)
  An adder (D:2)
  A worm (D:2)
  A dart slug (D:2)
  An endoplasm (D:2)
  A giant cockroach (D:4)
  A goblin (D:2)
  A quokka (D:3)
  2 ball pythons
  A bat (D:2)
  2 frilled lizards
  5 kobolds
  A rat (D:2)
19 creatures vanquished.

Notes
Turn   | Place    | Note
-------+----------+-------------------------------------------
     0 | D:5      | drugrobin the Demigod Delver began the quest for the Orb.
     0 | D:5      | Reached XP level 1. HP: 18/18 MP: 3/3
     1 | D:5      | Noticed an iguana
     1 | D:5      | Noticed an iguana
    27 | D:5      | Noticed an iguana
   222 | D:4      | Noticed an orc wizard
   223 | D:4      | Noticed an orc wizard
   237 | D:4      | Noticed an iguana
   278 | D:4      | Noticed an iguana
   467 | D:2      | Reached XP level 2. HP: 25/25 MP: 4/4
   748 | D:2      | Reached XP level 3. HP: 22/30 MP: 5/5
   768 | D:2      | Slain by an adder

Illustrated notes

Levels and vault maps discovered:
D:2:      layout_basic, st_stairs_10, minmay_circle_x, uniq_jessica,
          uniq_crazy_yiuf_cottage
D:3:      layout_loops_ring
D:4:      layout_loops_ring, lemuel_coloured_pillars_altar,
          nicolae_overflow_two_pavilions, serial_glass, glass_columns_b,
          glass_columns_a, feat_on_display
D:5:      layout_loops_cross, lemuel_doored_altar,
          chequers_temple_overflow_statue_of_worship

Skill      XL: |  1  2 |
---------------+-------+-----
Unarmed Combat | 2 3 |  3.8
Fighting       | |  2.6
Dodging        | |  1.7
Stealth        | |  4.5

Action                   || total
-------------------------++-------
Melee: Unarmed           ||    23
       Mace              ||    14
       Punch             ||     1
       Dagger            ||    30
Throw: Dart              ||     3
  Use: Scroll            ||     2
       Potion            ||     2
 Stab: Sleeping          ||     4
Armor: Leather armour    ||    19
Dodge: Dodged            ||    26

Table legend: (Time is in decaauts)
 A = Elapsed time spent in this place.
 B = Non-inter-level travel time spent in this place.
 C = Inter-level travel time spent in this place.
 D = Time resting spent in this place.
 E = Time spent auto-exploring this place.
 F = Levels seen in this place.
 G = Mean time per level.
                   A        B        C        D        E       F      G
               +--------+--------+--------+--------+--------+-----+--------+
         Total |    750 |    728 |     22 |      0 |    242 |   4 |  187.5 |
       Dungeon |    750 |    728 |     22 |      0 |    242 |   4 |  187.5 |
               +--------+--------+--------+--------+--------+-----+--------+

Top non-repeatable levels by time:
     D:2: 304 daAuts
     D:4: 255 daAuts
     D:3: 135 daAuts
     D:5: 54 daAuts
